 Dungeon Crawl Stone Soup version 0.29-a0-221-gceb61267dd (webtiles) character file.

Game seed: 13871272702566583167

2164 n8rtot the Grappler (level 9, -1/64 HPs)
             Began as a Green Draconian Transmuter on Feb 27, 2022.
             Was a Priest of the Shining One.
             Succumbed to a killer bee's poison
             ... on level 8 of the Dungeon.
             The game lasted 01:47:03 (9388 turns).

n8rtot the Grappler (Green Draconian Transmuter)    Turns: 9388, Time: 01:47:04

Health: -1/64      AC:  8    Str: 15    XL:     9   Next: 10%
Magic:  0/17       EV: 13    Int: 16    God:    the Shining One [***...]
Gold:   488        SH:  0    Dex: 11    Spells: 14/19 levels left

rFire   + . .      SeeInvis .     - Unarmed
rCold   x . .      Faith    .   (no shield)
rNeg    + . .      Spirit   +   (body armour unavailable)
rPois   +          Reflect  .   (helmet restricted)
rElec   .          Harm     .   (no cloak)
rCorr   .          Rampage  .   (no gloves)
Will    .....                   A - +0 pair of boots
Stlth   +.........              l - amulet of guardian spirit
HPRegen 0.20/turn               x - ring of fire
MPRegen 0.15/turn               (no ring)

@: mighty, lethally poisoned (-1 -> -8), glowing
A: breathe noxious fumes, AC +7, unfitting armour, poison resistance,
cold-blooded
a: Breathe Noxious Fumes, Renounce Religion, Divine Shield, Cleansing Flame


You were on level 8 of the Dungeon.
You worshipped the Shining One.
The Shining One was most pleased with you.
You visited 2 branches of the dungeon, and saw 9 of its levels.

You collected 488 gold pieces.

Inventory:

Hand Weapons
 c - a +0 short sword of speed
 f - a +6 great mace
 j - a +0 shortbow
 k - a +0 hand axe
 n - a +0 flail
 v - a +1 vorpal mace
 y - a +0 hunting sling
 B - a +1 dire flail of protection
 C - the +6 spear of Fortitude {holy, rPois Str-2 Dex+3}
   (You found it on level 6 of the Dungeon)

   It has been blessed by the Shining One to cause great damage to the undead
   and demons.
   Str:       It affects your strength (-2).
   Dex:       It affects your dexterity (+3).
   rPois:     It protects you from poison.
Missiles
 h - 10 poisoned darts
 p - 6 curare-tipped darts (quivered)
 H - 17 stones
Armour
 d - a +1 leather armour
 u - a +0 chain mail
 A - a +0 pair of boots (worn)
 I - a +2 hat
Magical Staves
 a - a staff of conjuration
Jewellery
 l - an amulet of guardian spirit (around neck)
 x - a ring of fire (left hand)
 D - an amulet of the acrobat
Wands
 E - a wand of polymorph (12)
 G - a wand of paralysis (8)
Scrolls
 b - 3 scrolls of immolation
 g - 3 scrolls of noise
 m - a scroll of brand weapon {unknown}
 q - 2 scrolls of teleportation {unknown}
 r - a scroll of magic mapping
Potions
 e - a potion of brilliance
 o - 3 potions of lignification
 s - a potion of attraction
 t - a potion of degeneration
 z - a potion of curing {unknown}


   Skills:
 - Level 1.1 Fighting
 + Level 0.8 Throwing
 + Level 3.9 Dodging
 + Level 1.8 Stealth
 * Level 8.3 Unarmed Combat
 * Level 5.7 Spellcasting
 * Level 5.7 Transmutations


You had 14 spell levels left.
You knew the following spells:

 Your Spells              Type           Power      Damage    Failure   Level
a - Beastly Appendage     Tmut           46%        N/A       1%          1
b - Sting                 Tmut/Pois      52%        1d5       4%          1
c - Spider Form           Tmut/Pois      13%        N/A       13%         3

Your spell library contained the following spells:

 Spells                   Type           Power      Damage    Failure   Level
 Wereblood                Tmut           23%        N/A       1%          2
 Pain                     Necr           16%        1d4       14%         1
 Shock                    Conj/Air       16%        1d4       14%         1
 Poisonous Vapours        Pois/Air       8%         N/A       22%         2
 Swiftness                Air            4%         N/A       38%         3
 Ice Form                 Ice/Tmut       13%        N/A       41%         4
 Airstrike                Air            2%         N/A       80%         4
 Olgreb's Toxic Radiance  Pois           4%         N/A       80%         4
 Agony                    Necr           4%         N/A       98%         5
 Excruciating Wounds      Necr           2%         N/A       98%         5


Dungeon Overview and Level Annotations

Branches:
Dungeon (8/15)             Temple (1/1) D:4
   Lair: D:8-11

Altars:
Ashenzari
Cheibriados
Fedhas
Gozag
Makhleb
Nemelex Xobeh
Okawaru
Qazlal
Ru
Sif Muna
Trog
Uskayaw
Vehumet
Wu Jian
Xom
Yredelemnul
Zin
The Shining One

Shops:
D:3 *


Innate Abilities, Weirdness & Mutations

You can breathe blasts of noxious fumes.
Your lurid green scales are hard. (AC +7)
You cannot fit into any form of body armour.
Your system is resistant to poisons. (rPois)
You are cold-blooded and may be slowed by cold attacks.


Message History

The killer bee barely misses you. x3; The killer bee stings you.
* * * LOW HITPOINT WARNING * * *
The killer bee stings you.
* * * LOW HITPOINT WARNING * * *
You are poisoned.
The killer bee poisons you! The killer bee closely misses you.
The killer bee barely misses you.
You punch the killer bee!
The killer bee is severely wounded.
You feel sick. The killer bee closely misses you.
The killer bee barely misses you. The killer bee stings you.
* * * LOW HITPOINT WARNING * * *
The killer bee barely misses you. The killer bee stings you.
The killer bee closely misses you.
The killer bee stings you but does no damage.
The killer bee barely misses you.
You feel sick.
A killer bee comes into view.
The killer bee stings you.
* * * LOW HITPOINT WARNING * * *
The killer bee misses you. x2; The killer bee barely misses you.
Unknown command.
You feel sick.
You feel sick. The killer bee closely misses you.
You feel sick.
You are no longer poisoned.
The killer bee completely misses you. The killer bee stings you.
The killer bee stings you!
* * * LOW HITPOINT WARNING * * *
You are lethally poisoned!
The killer bee poisons you!
As you read the scroll labelled CEL SUYGASUHUI, it crumbles to dust.
It is a scroll of amnesia.
Forget Sting, freeing 1 spell level for a total of 15?
Really abort (and waste the scroll)? [Y]es or [N]o only, please.
Really abort (and waste the scroll)?
Okay, then.
You die...

###### #.##.# #.##.#
#....# #.##.# #c##.#
#############K##.#
#....@yyyy.##)##y####.
#.########c##.##.K..†.
#.###.....y.c.##.))##+
#.......)#...Ky')...(.
########.##<######.......
#........#######....##...
#.............##...#⌠.##+
#......######.#.y..#.....
#......# #.#####....


You could see a centaur and 4 killer bees.

Vanquished Creatures
  The ghost of cyrus the Cudgeller, an amateur TrFi of Uskayaw (D:5)
  Prince Ribbit (D:5)
  Eustachio (D:5)
  A black bear (D:5)
  An ice beast (D:7)
  A necrophage (D:5)
  3 ogres
  2 phantoms
  Blork the orc (D:6)
  A bullfrog (D:8)
  A scorpion (D:6)
  4 hounds
  2 gnoll shamans (D:6)
  An orc priest (D:5)
  4 iguanas
  3 orc wizards
  11 adders
  11 gnolls
  A shadow imp (D:8)
  2 white imps
  2 ufetubi (D:5)
  A worm (D:2)
  3 dart slugs
  15 orcs
  9 endoplasms
  4 giant cockroaches
  3 goblins
  6 hobgoblins
  2 jackals (D:3)
  5 quokkas
  10 ball pythons
  3 bats
  6 frilled lizards
  11 kobolds
  9 rats
142 creatures vanquished.

Notes
Turn   | Place    | Note
-------+----------+-------------------------------------------
     0 | D:1      | n8rtot the Draconian Transmuter began the quest for the
                  | Orb.
     0 | D:1      | Reached XP level 1. HP: 16/16 MP: 3/3
   292 | D:2      | Reached XP level 2. HP: 23/23 MP: 3/5
   886 | D:2      | Reached XP level 3. HP: 23/28 MP: 4/6
  1473 | D:1      | Found a faded altar of an unknown god.
  1507 | D:1      | Prayed at the altar of an unknown god.
  1507 | D:1      | Became a worshipper of the Shining One
  1507 | D:1      | Reached * piety under the Shining One
  2436 | D:2      | Reached XP level 4. HP: 35/35 MP: 6/8
  2752 | D:3      | Reached skill level 4 in Unarmed Combat
  2864 | D:3      | Found Ote Mecu's Assorted Antiques.
  2983 | D:3      | Reached XP level 5. HP: 30/40 MP: 7/9
  3559 | D:4      | Noticed an ogre
  3577 | D:4      | Found a staircase to the Ecumenical Temple.
  3688 | D:4      | Killed an ogre
  3920 | Temple   | Entered the Ecumenical Temple
  4346 | D:4      | Reached XP level 6. HP: 40/47 MP: 9/11
  4423 | D:4      | Found an ornate altar of the Wu Jian Council.
  4621 | D:4      | Found an iron altar of Okawaru.
  4837 | D:4      | Reached skill level 5 in Unarmed Combat
  5124 | D:5      | Entered Level 5 of the Dungeon
  5255 | D:5      | Found a glowing golden altar of the Shining One.
  5663 | D:5      | Noticed cyrus's ghost (amateur TrFi)
  5692 | D:5      | Reached ** piety under the Shining One
  5761 | D:5      | Found a bloodstained altar of Trog.
  5777 | D:5      | Found a basalt altar of Yredelemnul.
  5859 | D:5      | Your scales start taking on a lurid green colour.
  5859 | D:5      | Reached XP level 7. HP: 49/52 MP: 9/12
  5859 | D:5      | Gained mutation: Your system is resistant to poisons.
                  | (rPois) [Green Draconian growth]
  5929 | D:5      | Noticed Eustachio
  6070 | D:4      | Learned a level 1 spell: Sting
  6074 | D:4      | Learned a level 3 spell: Spider Form
  6150 | D:5      | Found a transporter.
  6157 | D:5      | Found a transporter.
  6161 | D:5      | Noticed Prince Ribbit
  6223 | D:5      | Killed Prince Ribbit
  6224 | D:5      | Reached skill level 1 in Stealth
  6224 | D:5      | Reached skill level 6 in Unarmed Combat
  6713 | D:5      | Paralysed by an orc wizard for 6 turns
  6726 | D:5      | Paralysed by an orc wizard for 4 turns
  6807 | D:5      | Reached skill level 5 in Transmutations
  7000 | D:5      | Reached XP level 8. HP: 59/59 MP: 12/14
  7090 | D:5      | Killed Eustachio
  7618 | D:5      | Reached skill level 7 in Unarmed Combat
  7797 | D:5      | Killed cyrus's ghost
  7798 | D:5      | Reached skill level 5 in Spellcasting
  8123 | D:6      | Noticed Blork the orc
  8304 | D:6      | Killed Blork the orc
  8348 | D:6      | Identified the +6 spear of Fortitude {holy, rPois Str-2
                  | Dex+3}
  8492 | D:6      | Reached skill level 8 in Unarmed Combat
  8944 | D:7      | Reached XP level 9. HP: 64/64 MP: 15/17
  9306 | D:8      | Found a broken altar of Ashenzari.
  9351 | D:8      | Reached *** piety under the Shining One
  9385 | D:8      | HP: 3/64 [poisoned by a killer bee]
  9387 | D:8      | HP: 1/64 [killer bee (3)]
  9388 | D:8      | Succumbed to a killer bee's poison

Illustrated notes

Levels and vault maps discovered:
D:1:      minmay_arrival_glassed_features, layout_loops_ring,
          ebering_ecumenical_altar_hall, minmay_misc_feat_doors
D:2:      minmay_chambers_of_twos, layout_basic
D:3:      layout_basic, serial_shops, shop, minivault_11
D:4:      layout_loops_ring, amcnicky_altar_gilded, okawaru_ov_weapons_minmay,
          minmay_temple_entry_overgrown
D:5:      layout_basic, tso_metal_star, amethyst_overflow_temple_binary,
          gammafunk_ghost_smash, uniq_prince_ribbit1, uniq_eustachio
D:6:      layout_basic, uniq_blork_the_orc
D:7:      layout_cave_pools, grunt_temple_overflow_diamond,
          nicolae_ossuary_entry_false_entrances
D:8:      layout_basic, evilmike_ruin_ashenzari, kennysheep_generic_room_12,
          uniq_maurice
Temple:   nicolae_temple_hex_pool

Skill      XL: |  1  2  3  4  5  6  7  8 |
---------------+-------------------------+-----
Dodging        | 2 3 |  3.9
Transmutations | 3 5 |  5.7
Unarmed Combat | 4 5 6 8 |  8.3
Spellcasting   | 3 4 5 |  5.7
Stealth        | 1 |  1.8
Fighting       | |  1.1
Throwing       | |  0.8

Action                   |  1- 3 |  4- 6 |  7- 9 || total
-------------------------+-------+-------+-------++-------
Melee: Unarmed           |   101 |   132 |   159 ||   392
       Headbutt          |    13 |    22 |    39 ||    74
       Tailslap          |    11 |    15 |    27 ||    53
       Kick              |    18 |    45 |    56 ||   119
       Punch             |       |     2 |     8 ||    10
Throw: Dart              |     7 |     5 |     5 ||    17
 Cast: Beastly Appendage |    31 |    39 |    26 ||    96
       Spider Form       |       |       |     2 ||     2
       Sting             |       |       |     1 ||     1
 Abil: Breathe Noxious F |       |       |     1 ||     1
  Use: Scroll            |     4 |     4 |     5 ||    13
       Potion            |       |     1 |     2 ||     3
Armor: Skin              |    34 |    36 |    40 ||   110
Dodge: Dodged            |    71 |    85 |   138 ||   294

Table legend: (Time is in decaauts)
 A = Elapsed time spent in this place.
 B = Non-inter-level travel time spent in this place.
 C = Inter-level travel time spent in this place.
 D = Time resting spent in this place.
 E = Time spent auto-exploring this place.
 F = Levels seen in this place.
 G = Mean time per level.
                   A        B        C        D        E       F      G
               +--------+--------+--------+--------+--------+-----+--------+
         Total |   9357 |   9350 |      7 |   2540 |    137 |   9 | 1039.7 |
       Dungeon |   9037 |   9030 |      7 |   2540 |    137 |   8 | 1129.6 |
        Temple |    319 |    319 |      0 |      0 |      0 |   1 |  319.0 |
               +--------+--------+--------+--------+--------+-----+--------+

Top non-repeatable levels by time:
     D:5: 2879 daAuts
     D:4: 1442 daAuts
     D:1: 1341 daAuts
     D:2: 1275 daAuts
     D:3: 936 daAuts
     D:6: 711 daAuts
     D:8: 326 daAuts
  Temple: 319 daAuts
     D:7: 125 daAuts
